TOP OF THE 1ST |
Tacoma Rainiers batting - Pitching for Rochester Red Wings : RHP Alex Rushton
|
Pitching: RHP Alex Rushton
|
|
Batting: RHB Brad Robidas
|
0-0: Ball 1-0: Ball 2-0: Called Strike 2-1: Ground out 6-3 (Groundball, 6, EV 89.4 MPH)
|
Batting: LHB Jawad Fahad
|
0-0: Called Strike 0-1: Ball 1-1: Ground out U3 (Groundball, 3, EV 87.5 MPH)
|
Batting: LHB Josh Pittman
|
0-0: Ball 1-0: Ball 2-0: Ball 3-0: Base on Balls
|
Batting: LHB Ryan Lowe
|
0-0: Called Strike 0-1: Swinging Strike 0-2: Ball 1-2: Foul Ball, location: 2F 1-2: Foul Ball, location: 2F 1-2: Ball 2-2: Foul Ball, location: 2F 2-2: Ball 3-2: Base on Balls Josh Pittman to second
|
Batting: RHB Josh Ruhl
|
0-0: Called Strike 0-1: Ball 1-1: Ball 2-1: SINGLE (Groundball, 15S, EV 66.2 MPH) (infield hit) Josh Pittman to third Ryan Lowe to second
|
Batting: RHB Rick Ellis
|
0-0: Called Strike 0-1: Swinging Strike 0-2: Strikes out swinging
|
Top of the 1st over - 0 runs, 1 hit, 0 errors, 3 left on base; Tacoma 0 - Rochester 0 |
BOTTOM OF THE 1ST |
Rochester Red Wings batting - Pitching for Tacoma Rainiers : RHP Kyle Ridgeway
|
Pitching: RHP Kyle Ridgeway
|
|
Batting: LHB Per Meulengracht
|
0-0: Called Strike 0-1: Swinging Strike 0-2: Ball 1-2: Ball 2-2: Ball 3-2: Fly out, F7 (Flyball, 7S, EV 83.1 MPH)
|
Batting: LHB Israel Montoya
|
0-0: Ball 1-0: Swinging Strike 1-1: Ball 2-1: Foul Ball, location: 2F 2-2: Strikes out looking
|
Batting: RHB Manuel Juarez
|
0-0: Called Strike 0-1: Ball 1-1: Swinging Strike 1-2: Foul Ball, location: 2F 1-2: Strikes out looking
|
Bottom of the 1st over - 0 runs, 0 hits, 0 errors, 0 left on base; Tacoma 0 - Rochester 0 |
TOP OF THE 2ND |
Tacoma Rainiers batting - Pitching for Rochester Red Wings : RHP Alex Rushton
|
Batting: RHB Max Schellekens
|
0-0: Ball 1-0: Ground out 6-3 (Groundball, 56, EV 94.4 MPH)
|
Batting: RHB Bill Vives
|
0-0: Called Strike 0-1: DOUBLE (Groundball, 3L, EV 109.4 MPH)
|
Batting: RHB Kagetoki Kawai
|
0-0: Swinging Strike 0-1: Hit by Pitch
|
Batting: RHB Brad Robidas
|
0-0: Foul Ball, location: 2F 0-1: Ball 1-1: Foul Ball, location: 2F 1-2: Strikes out looking
|
Batting: LHB Jawad Fahad
|
0-0: Ball 1-0: Fielders Choice at 2nd, 6-4 (Groundball, 6, EV 112.5 MPH)
|
Top of the 2nd over - 0 runs, 1 hit, 0 errors, 2 left on base; Tacoma 0 - Rochester 0 |
BOTTOM OF THE 2ND |
Rochester Red Wings batting - Pitching for Tacoma Rainiers : RHP Kyle Ridgeway
|
Batting: LHB Kuemon Shishido
|
0-0: Ball 1-0: Foul Ball, location: 2F 1-1: Swinging Strike 1-2: Ball 2-2: Foul Ball, location: 2F 2-2: Strikes out swinging
|
Batting: LHB Jayden Thomas
|
0-0: Called Strike 0-1: Ground out U3 (Groundball, 34, EV 86.2 MPH)
|
Batting: RHB Jose Nunez
|
0-0: Ground out 4-3 (Groundball, 4M, EV 103.8 MPH)
|
Bottom of the 2nd over - 0 runs, 0 hits, 0 errors, 0 left on base; Tacoma 0 - Rochester 0 |
TOP OF THE 3RD |
Tacoma Rainiers batting - Pitching for Rochester Red Wings : RHP Alex Rushton
|
Batting: LHB Josh Pittman
|
0-0: Ball 1-0: Ball 2-0: Ground out 5-3 (Groundball, 56, EV 90.6 MPH)
|
Batting: LHB Ryan Lowe
|
0-0: Ball 1-0: Foul Ball, location: 2F 1-1: Ball 2-1: Foul Ball, location: 2F 2-2: Strikes out swinging
|
Batting: RHB Josh Ruhl
|
0-0: Ball 1-0: Ball 2-0: Called Strike 2-1: Foul Ball, location: 2F 2-2: Ball 3-2: Fly out, F8 (Flyball, 89D, EV 107.5 MPH)
|
Top of the 3rd over - 0 runs, 0 hits, 0 errors, 0 left on base; Tacoma 0 - Rochester 0 |
BOTTOM OF THE 3RD |
Rochester Red Wings batting - Pitching for Tacoma Rainiers : RHP Kyle Ridgeway
|
Batting: LHB Matt Robertson
|
0-0: Ball 1-0: Ball 2-0: Foul Ball, location: 2F 2-1: Foul Ball, location: 2F 2-2: Ball 3-2: Foul Ball, location: 2F 3-2: Base on Balls
|
Batting: RHB Jose Gracia
|
0-0: Ball 1-0: Ball 2-0: Fielders Choice at 2nd, 6-4 (Groundball, 6MD, EV 75.6 MPH)
|
Batting: RHB Kenny Reynolds
|
0-0: Called Strike 0-1: Foul Ball, location: 2F 0-2: Strikes out looking
|
Batting: LHB Per Meulengracht
|
0-0: Ball 1-0: Ball 2-0: Ball 3-0: Base on Balls Jose Gracia to second
|
Batting: LHB Israel Montoya
|
0-0: Called Strike 0-1: Called Strike 0-2: Ball 1-2: Ball 2-2: Foul Ball, location: 2F 2-2: Strikes out swinging
|
Bottom of the 3rd over - 0 runs, 0 hits, 0 errors, 2 left on base; Tacoma 0 - Rochester 0 |
TOP OF THE 4TH |
Tacoma Rainiers batting - Pitching for Rochester Red Wings : RHP Alex Rushton
|
Batting: RHB Rick Ellis
|
0-0: Ball 1-0: SINGLE (Flyball, 8LS, EV 100.6 MPH)
|
Batting: RHB Max Schellekens
|
0-0: Ball 1-0: Called Strike 1-1: Ball 2-1: Grounds into double play, 4-6-3 (Groundball, 34, EV 78.8 MPH)
|
Batting: RHB Bill Vives
|
0-0: Swinging Strike 0-1: Foul Ball, location: 2F 0-2: Ball 1-2: Strikes out swinging
|
Top of the 4th over - 0 runs, 1 hit, 0 errors, 0 left on base; Tacoma 0 - Rochester 0 |
BOTTOM OF THE 4TH |
Rochester Red Wings batting - Pitching for Tacoma Rainiers : RHP Kyle Ridgeway
|
Batting: RHB Manuel Juarez
|
0-0: Foul Ball, location: 2F 0-1: Called Strike 0-2: Strikes out swinging, 2-3 out at first.
|
Batting: LHB Kuemon Shishido
|
0-0: Called Strike 0-1: Foul Ball, location: 2F 0-2: Strikes out swinging
|
Batting: LHB Jayden Thomas
|
0-0: Foul Ball, location: 2F 0-1: Ground out 6-3 (Groundball, 4M, EV 102.5 MPH)
|
Bottom of the 4th over - 0 runs, 0 hits, 0 errors, 0 left on base; Tacoma 0 - Rochester 0 |
TOP OF THE 5TH |
Tacoma Rainiers batting - Pitching for Rochester Red Wings : RHP Alex Rushton
|
Batting: RHB Kagetoki Kawai
|
0-0: Called Strike 0-1: Ground out 2-3 (Groundball, 2L, EV 63.8 MPH)
|
Batting: RHB Brad Robidas
|
0-0: Ground out 6-3 (Groundball, 6, EV 88.1 MPH)
|
Batting: LHB Jawad Fahad
|
0-0: Fly out, F7 (Line Drive, 78M, EV 99.4 MPH)
|
Top of the 5th over - 0 runs, 0 hits, 0 errors, 0 left on base; Tacoma 0 - Rochester 0 |
BOTTOM OF THE 5TH |
Rochester Red Wings batting - Pitching for Tacoma Rainiers : RHP Kyle Ridgeway
|
Batting: RHB Jose Nunez
|
0-0: Called Strike 0-1: Foul Ball, location: 2F 0-2: Foul Ball, location: 2F 0-2: Strikes out looking
|
Batting: LHB Matt Robertson
|
0-0: Ball 1-0: Ball 2-0: Foul Ball, location: 2F 2-1: Ball 3-1: Base on Balls
|
Batting: RHB Jose Gracia
|
0-0: Called Strike 0-1: Swinging Strike 0-2: Ball 1-2: Strikes out swinging
|
Batting: RHB Kenny Reynolds
|
0-0: Called Strike 0-1: Called Strike Matt Robertson steals 2nd base 0-2: Ball 1-2: Ball 2-2: Ball 3-2: Base on Balls
|
Batting: LHB Per Meulengracht
|
0-0: Ball 1-0: Called Strike 1-1: Ground out 1-3 (Groundball, 25, EV 70.6 MPH)
|
Bottom of the 5th over - 0 runs, 0 hits, 0 errors, 2 left on base; Tacoma 0 - Rochester 0 |
TOP OF THE 6TH |
Tacoma Rainiers batting - Pitching for Rochester Red Wings : RHP Alex Rushton
|
Batting: LHB Josh Pittman
|
0-0: Called Strike 0-1: Ball 1-1: Ball 2-1: SINGLE (Groundball, 34D, EV 105.6 MPH)
|
Batting: LHB Ryan Lowe
|
0-0: Called Strike 0-1: Called Strike 0-2: Fly out, F5 (Popup, 25, EV 79.4 MPH)
|
Batting: RHB Josh Ruhl
|
0-0: Called Strike 0-1: Swinging Strike 0-2: Strikes out looking
|
Batting: RHB Rick Ellis
|
0-0: Ball 1-0: Fielders Choice at 2nd, 6-4 (Groundball, 6, EV 83.1 MPH)
|
Top of the 6th over - 0 runs, 1 hit, 0 errors, 1 left on base; Tacoma 0 - Rochester 0 |
BOTTOM OF THE 6TH |
Rochester Red Wings batting - Pitching for Tacoma Rainiers : RHP Kyle Ridgeway
|
Batting: LHB Israel Montoya
|
0-0: Ball 1-0: Foul Ball, location: 2F 1-1: Ball 2-1: Ball 3-1: Called Strike 3-2: Foul Ball, location: 2F 3-2: Foul Ball, location: 2F 3-2: Base on Balls
|
Batting: RHB Manuel Juarez
|
0-0: Foul Ball, location: 2F 0-1: Ball 1-1: Ball 2-1: Ball 3-1: Fly out, F4 (Popup, 4D, EV 44.4 MPH)
|
Batting: LHB Kuemon Shishido
|
0-0: Ball 1-0: Ball Israel Montoya steals 2nd base (no throw) 2-0: SINGLE (Line Drive, 34, EV 97.5 MPH) Israel Montoya to third
|
Batting: LHB Jayden Thomas
|
0-0: Called Strike 0-1: Foul Ball, location: 2F 0-2: Strikes out swinging
|
Batting: RHB Jose Nunez
|
0-0: Called Strike 0-1: Foul Ball, location: 2F 0-2: Foul Ball, location: 2F 0-2: Ball 1-2: Fly out, F6 (Line Drive, 6, EV 71.2 MPH)
|
Bottom of the 6th over - 0 runs, 1 hit, 0 errors, 2 left on base; Tacoma 0 - Rochester 0 |
TOP OF THE 7TH |
Tacoma Rainiers batting - Pitching for Rochester Red Wings : RHP Alex Rushton
|
Batting: RHB Max Schellekens
|
0-0: Called Strike 0-1: Ground out 1-3 (Groundball, 15S, EV 56.2 MPH)
|
Batting: RHB Bill Vives
|
0-0: Ball 1-0: Ball 2-0: Foul Ball, location: 2F 2-1: Ball 3-1: Base on Balls
|
Batting: RHB Kagetoki Kawai
|
0-0: Foul Ball, location: 2F 0-1: Called Strike 0-2: Ball 1-2: Ball 2-2: Foul Ball, location: 2F 2-2: Strikes out looking
|
Batting: RHB Brad Robidas
|
0-0: Foul Ball, location: 2F 0-1: Ball 1-1: Foul Ball, location: 2F 1-2: Foul Ball, location: 2F 1-2: Ball 2-2: Strikes out looking
|
Top of the 7th over - 0 runs, 0 hits, 0 errors, 1 left on base; Tacoma 0 - Rochester 0 |
BOTTOM OF THE 7TH |
Rochester Red Wings batting - Pitching for Tacoma Rainiers : RHP Kyle Ridgeway
|
Pitching: LHP Rentaro Minami
|
|
Batting: LHB Matt Robertson
|
0-0: Ball 1-0: Ball 2-0: Called Strike 2-1: Foul Ball, location: 2F 2-2: Strikes out swinging
|
Batting: RHB Jose Gracia
|
0-0: Ball 1-0: Fly out, F8 (Flyball, 8LM, EV 76.9 MPH)
|
Batting: RHB Kenny Reynolds
|
0-0: Ball 1-0: Ball 2-0: Swinging Strike 2-1: Foul Ball, location: 2F 2-2: Ball 3-2: Fly out, F9 (Flyball, 9D, EV 101.9 MPH)
|
Bottom of the 7th over - 0 runs, 0 hits, 0 errors, 0 left on base; Tacoma 0 - Rochester 0 |
TOP OF THE 8TH |
Tacoma Rainiers batting - Pitching for Rochester Red Wings : RHP Alex Rushton
|
Batting: LHB Jawad Fahad
|
0-0: Called Strike 0-1: Ball 1-1: Ball 2-1: Foul Ball, location: 2F 2-2: Foul Ball, location: 2F 2-2: Ball 3-2: Base on Balls
|
Pitching: LHP Brett Grijalva
|
|
Pinch Hitting: RHB Leon Alders
|
0-0: Ball 1-0: Foul Ball, location: 2F 1-1: Ball 2-1: Called Strike 2-2: Ball 3-2: Fly out, F4 (Popup, 4S, EV 66.9 MPH)
|
Batting: RHB Steve Martin
|
0-0: Ball 1-0: Ball 2-0: Foul Ball, location: 2F 2-1: DOUBLE (Flyball, 8RXD, EV 85.6 MPH) Jawad Fahad to third Runner from 3rd tries for Home, SAFE, throw by CF to trailing runner, SAFE at third!
|
Pitching: RHP Juan Gomez
|
|
Batting: RHB Josh Ruhl
|
0-0: Called Strike 0-1: Foul Ball, location: 2F 0-2: Ball 1-2: Strikes out looking
|
Batting: RHB Rick Ellis
|
0-0: Swinging Strike 0-1: Foul Ball, location: 2F 0-2: DOUBLE (Line Drive, 89XD, EV 113.1 MPH) Steve Martin scores
|
Batting: RHB Max Schellekens
|
0-0: Called Strike Rick Ellis is caught stealing 3rd base 2-5
|
Top of the 8th over - 2 runs, 2 hits, 0 errors, 0 left on base; Tacoma 2 - Rochester 0 |
BOTTOM OF THE 8TH |
Rochester Red Wings batting - Pitching for Tacoma Rainiers : LHP Rentaro Minami
|
Now in LF: Brendan Bundy
|
|
Batting: LHB Per Meulengracht
|
0-0: Ball 1-0: Called Strike 1-1: Ball 2-1: Foul Ball, location: 2F 2-2: Ground out 1-3 (Groundball, 23, EV 68.8 MPH)
|
Pinch Hitting: RHB Israel Gaona
|
0-0: Ball 1-0: Called Strike 1-1: Ball 2-1: Foul Ball, location: 2F 2-2: Strikes out swinging
|
Batting: RHB Manuel Juarez
|
0-0: Called Strike 0-1: Ball 1-1: Swinging Strike 1-2: Ground out 6-3 (Groundball, 6, EV 83.8 MPH)
|
Bottom of the 8th over - 0 runs, 0 hits, 0 errors, 0 left on base; Tacoma 2 - Rochester 0 |
TOP OF THE 9TH |
Tacoma Rainiers batting - Pitching for Rochester Red Wings : RHP Juan Gomez
|
Now in LF: Jon Hice
|
|
Batting: RHB Max Schellekens
|
0-0: Ball 1-0: Foul Ball, location: 2F 1-1: Fly out, F3 (Popup, 3F, EV 67.5 MPH)
|
Batting: RHB Bill Vives
|
0-0: Swinging Strike 0-1: Ball 1-1: Foul Ball, location: 2F 1-2: Strikes out swinging
|
Batting: RHB Kagetoki Kawai
|
0-0: Ball 1-0: Called Strike 1-1: Ball 2-1: Ball 3-1: Ground out 5-3 (Groundball, 56S, EV 87.5 MPH)
|
Top of the 9th over - 0 runs, 0 hits, 0 errors, 0 left on base; Tacoma 2 - Rochester 0 |
BOTTOM OF THE 9TH |
Rochester Red Wings batting - Pitching for Tacoma Rainiers : LHP Rentaro Minami
|
Pitching: RHP Jace Daniels
|
|
Batting: LHB Kuemon Shishido
|
0-0: Swinging Strike 0-1: Ground out 4-3 (Groundball, 34D, EV 86.2 MPH)
|
Batting: LHB Jayden Thomas
|
0-0: Foul Ball, location: 2F 0-1: Called Strike 0-2: SINGLE (Groundball, 4MD, EV 95.0 MPH)
|
Batting: RHB Jose Nunez
|
0-0: Ground out 5-3 (Groundball, 56S, EV 65.6 MPH) Jayden Thomas to second
|
Batting: LHB Matt Robertson
|
0-0: Ball 1-0: Swinging Strike 1-1: Fly out, F3 (Line Drive, 3L, EV 75.0 MPH)
|
Bottom of the 9th over - 0 runs, 1 hit, 0 errors, 1 left on base; Tacoma 2 - Rochester 0 |
|